Map: Invader LE

Players

lIlIlIlIlIlI

  • Race: Protoss Protoss
  • League: Grandmaster

PtitDrogo - Winner!

  • Race: Protoss Protoss
  • League: Grandmaster

VOD

Have the link to the VOD?

Description

Time

  • Played on: April 23, 2016, 11:45 a.m.
  • Length: 9:30
Show
View Real Time Build Order
Export as new Build Order

lIlIlIlIlIlI Protoss 

Build Orders:  

Get SALT Encoding   

  12  0:00  Probe (Chrono Boost)  
  13  0:11  Probe (Chrono Boost)  
  14  0:17  Pylon  
  14  0:22  Probe (Chrono Boost)  
  16  0:35  Probe (Chrono Boost)  
  16  0:37  Gateway  
  16  0:46  Probe (Chrono Boost)  
  17  0:50  Assimilator  
  17  0:55  Assimilator  
  17  0:56  Probe (Chrono Boost)  
  18  1:07  Probe (Chrono Boost)  
  18  1:09  Gateway  
  19  1:17  Probe (Chrono Boost)  
  20  1:24  Cybernetics Core  
  20  1:28  Probe (Chrono Boost)  
  21  1:34  Pylon  
  21  1:38  Probe (Chrono Boost)  
  22  1:49  Probe (Chrono Boost)  
  23  2:00  Stalker  
  23  2:01  Stalker  
  27  2:03  Warp Gate (Chrono Boost)  
  27  2:10  Mothership Core  
  29  2:18  Pylon  
  29  2:34  Stalker  
  29  2:36  Stalker  
  33  2:59  Nexus  
  35  3:05  Sentry  
  35  3:06  Sentry  
  35  3:08  Probe  
  38  3:20  Pylon  
  38  3:28  Robotics Facility  
  38  3:30  Probe  
  39  3:42  Probe  
  40  3:54  Stalker x2  
  40  3:55  Probe (Chrono Boost)  
  45  4:07  Probe (Chrono Boost)  
  46  4:13  Probe (Chrono Boost)  
  46  4:14  Pylon  
  46  4:16  Observer  
  48  4:17  Probe (Chrono Boost)  
  43  4:36  Probe (Chrono Boost), Stalker  
  43  4:37  Stalker  
  48  4:39  Immortal  
  48  4:40  Probe (Chrono Boost)  
  53  4:46  Probe (Chrono Boost)  
  53  4:50  Probe (Chrono Boost)  
  55  4:57  Probe (Chrono Boost)  
  56  5:01  Twilight Council, Probe (Chrono Boost)  
  57  5:07  Probe (Chrono Boost)  
  57  5:10  Pylon  
  57  5:12  Probe (Chrono Boost)  
  57  5:13  Assimilator  
  59  5:18  Probe (Chrono Boost)  
  60  5:21  Immortal (Chrono Boost)  
  60  5:22  Probe (Chrono Boost)  
  60  5:26  Blink (Chrono Boost)  
  66  5:28  Probe (Chrono Boost)  
  66  5:32  Probe (Chrono Boost)  
  66  5:33  Pylon  
  67  5:39  Probe (Chrono Boost)  
  67  5:42  Probe  
  68  5:43  Gateway  
  69  5:50  Probe  
  69  5:54  Assimilator, Probe  
  69  5:56  Sentry  
  73  5:59  Warp Prism (Chrono Boost)  
  76  6:05  Pylon  
  76  6:06  Sentry  
  77  6:21  Sentry  
  79  6:29  Nexus  
  79  6:31  Pylon  
  79  6:33  Immortal (Chrono Boost)  
  79  6:36  Probe  
  79  6:38  Probe  
  79  6:48  Probe  
  79  6:49  Robotics Bay  
  79  6:50  Probe  
  81  7:00  Probe  
  82  7:02  Adept x2, Probe  
  82  7:03  Adept  
  82  7:08  Pylon  
  89  7:12  Probe  
  89  7:14  Probe  
  91  7:23  Gateway  
  91  7:25  Gateway x2  
  87  7:37  Disruptor (Chrono Boost), Stalker x2  
  87  7:38  Probe, Stalker  
  87  7:40  Probe  
  98  7:51  Probe  
  98  7:54  Pylon  
  99  8:01  Gateway  
  99  8:02  Gateway  
  99  8:08  Disruptor (Chrono Boost)  
  102  8:14  Stalker  
  102  8:15  Stalker  
  106  8:23  Pylon  
  103  8:38  Stalker x3  
  103  8:39  Disruptor (Chrono Boost), Stalker  
  114  8:57  Pylon  
  114  9:05  Adept x2  
  114  9:06  Adept  
Show
View Real Time Build Order
Export as new Build Order

PtitDrogo Protoss - Winner!

Build Orders:  

Get SALT Encoding   

  12  0:01  Probe (Chrono Boost)  
  13  0:11  Probe (Chrono Boost)  
  14  0:18  Pylon  
  14  0:22  Probe (Chrono Boost)  
  15  0:36  Probe (Chrono Boost)  
  15  0:37  Gateway  
  15  0:41  Assimilator  
  16  0:47  Probe (Chrono Boost)  
  17  0:57  Probe (Chrono Boost)  
  17  0:58  Assimilator  
  18  1:08  Probe (Chrono Boost)  
  18  1:10  Gateway  
  20  1:18  Probe (Chrono Boost)  
  20  1:26  Cybernetics Core  
  20  1:29  Probe (Chrono Boost)  
  21  1:33  Pylon  
  21  1:39  Probe (Chrono Boost)  
  22  1:50  Probe (Chrono Boost)  
  23  2:02  Probe (Chrono Boost), Stalker  
  23  2:03  Stalker  
  23  2:04  Warp Gate (Chrono Boost)  
  28  2:16  Mothership Core  
  28  2:22  Pylon  
  30  2:40  Stalker x2  
  30  2:41  Probe  
  35  3:01  Nexus  
  35  3:11  Stalker  
  37  3:15  Stalker  
  39  3:28  Pylon  
  39  3:30  Probe  
  39  3:39  Robotics Facility  
  39  3:46  Probe  
  40  3:52  Sentry  
  40  3:53  Sentry  
  44  3:58  Probe (Chrono Boost)  
  45  4:09  Probe (Chrono Boost)  
  46  4:13  Probe (Chrono Boost)  
  47  4:20  Probe (Chrono Boost)  
  47  4:24  Probe (Chrono Boost)  
  49  4:30  Probe (Chrono Boost)  
  50  4:34  Probe (Chrono Boost)  
  45  4:41  Probe (Chrono Boost)  
  45  4:42  Robotics Bay  
  45  4:43  Probe (Chrono Boost), Warp Prism (Chrono Boost)  
  49  4:51  Pylon  
  49  4:52  Probe  
  50  4:54  Probe  
  50  4:59  Stalker  
  53  5:04  Probe x2  
  55  5:11  Assimilator  
  55  5:15  Assimilator, Probe  
  55  5:17  Probe  
  57  5:24  Sentry  
  57  5:25  Disruptor (Chrono Boost)  
  57  5:26  Probe  
  60  5:29  Probe, Pylon  
  64  5:35  Gravitic Drive (Chrono Boost)  
  64  5:38  Probe  
  64  5:41  Probe  
  66  5:45  Gateway x2  
  66  5:49  Gateway  
  66  5:50  Probe  
  66  5:52  Gateway  
  66  5:53  Probe  
  66  5:55  Disruptor  
  68  6:03  Robotics Facility  
  71  6:18  Pylon  
  71  6:25  Zealot x2  
  71  6:28  Pylon  
  75  6:33  Immortal (Chrono Boost)  
  79  6:50  Pylon  
  79  6:52  Immortal (Chrono Boost), Pylon  
  83  7:03  Zealot  
  83  7:04  Zealot x2  
  83  7:08  Sentry x2  
  93  7:09  Sentry  
  93  7:11  Immortal (Chrono Boost)  
  99  7:27  Immortal (Chrono Boost)  
  103  7:33  Stalker x3  
  103  7:36  Pylon  
  109  7:38  Pylon  
  109  7:51  Pylon  
  109  7:55  Immortal (Chrono Boost)  
  113  8:01  Stalker x4  
  113  8:02  Stalker x2  
  125  8:36  Disruptor x2 (Chrono Boost)  
  131  9:00  Nexus  
  131  9:04  Adept  
  131  9:05  Adept  
Tags
 
Add a new tag
Caveats
  • Supply blocks, unpowered buildings, or Contaminate may cause inaccurate times.
  • Supply counts are checked every 10 seconds.